 Dungeon Crawl Stone Soup version 0.30.0-16-gbe6223bb7e (webtiles) character file.

Game seed: 7773032359684601222

83 croobank the Firebug (level 4, -1/34 HPs)
             Began as a Demigod Fire Elementalist on May 21, 2023.
             Slain by a gnoll bouda
             ... wielding a +0 club
              (2 damage)
             ... on level 4 of the Dungeon.
             The game lasted 00:11:08 (3156 turns).

croobank the Firebug (Demigod Fire Elementalist)    Turns: 3156, Time: 00:11:09

Health: -1/34      AC:  7    Str:  9    XL:     4   Next: 2%
Magic:  10/10      EV: 12    Int: 21    God:
Gold:   113        SH:  0    Dex: 14    Spells: 1/7 levels left

rFire   . . .        a - +2 dagger (vamp)
rCold   . . .        (no shield)
rNeg    . . .        i - +0 robe
rPois   .            (no helmet)
rElec   .            h - +2 cloak
rCorr   .            (no gloves)
SInv    .            u - +1 pair of boots
Will    .....        (no amulet)
Stlth   ++           (no ring)
HPRegen 0.25/turn    (no ring)
MPRegen 0.12/turn

%: no passive effects
@: weakened
A: high MP 1, forlorn, divine attributes
a: no special abilities


You were on level 4 of the Dungeon.
You visited 1 branch of the dungeon, and saw 4 of its levels.

You collected 113 gold pieces.

Inventory:

Hand Weapons
 a - a +2 vampiric dagger (weapon)
 f - a +0 long sword
 j - a +0 short sword of flaming
Missiles
 g - a throwing net
Armour
 h - a +2 cloak (worn)
 i - a +0 robe (worn)
 p - a +0 pair of boots
 u - a +1 pair of boots (worn)
Magical Staves
 d - a staff of air
Jewellery
 e - a ring of positive energy
Wands
 m - a wand of iceblast (4)
Scrolls
 l - a scroll of brand weapon
 q - a scroll of identify
 t - a scroll of fear
 v - a scroll of fog
Potions
 b - a potion of magic
 c - 2 potions of mutation
 k - 2 potions of heal wounds
 n - 2 potions of curing
 o - a potion of resistance
 r - 2 potions of brilliance {unknown}
 s - 2 potions of ambrosia {unknown}


   Skills:
 - Level 0.5 Fighting
 - Level 2.2 Dodging
 - Level 2.4 Stealth
 - Level 2.2 Spellcasting
 - Level 1.5 Conjurations
 + Level 0.7 Hexes
 - Level 3.1 Fire Magic


You had one spell level left.
You knew the following spells:

 Your Spells              Type           Power      Damage    Failure   Level
a - Foxfire               Conj/Fire      48%        2x1d6     5%          1
b - Scorch                Fire           30%        2d6       6%          2
c - Inner Flame           Hex/Fire       10%        N/A       19%         3

Your spell library contained the following spells:

 Spells                   Type           Power      Damage    Failure   Level
 Volatile Blastmotes      Fire/Tloc      16%        2d11      22%         3
 Flame Wave               Conj/Fire      12%        2d6       50%         4
 Fulminant Prism          Conj/Hex       3%         3d5       65%         4
 Iskenderun's Mystic Bla  Conj/Tloc      5%         2d3       71%         4
 Summon Lightning Spire   Summ/Air       2%         N/A       82%         4
 Lee's Rapid Deconstruct  Erth           1%         3d4*      99%         5
 Storm Form               Tmut/Air       1%         N/A       100%        7
 Maxwell's Capacitive Co  Air            1%         ∞         100%        8


Dungeon Overview and Level Annotations

Branches:
Dungeon (4/15)
 Temple: D:4-7


Innate Abilities, Weirdness & Mutations

You have an increased reservoir of magic. (+10% MP)
You shall have no god before yourself.
Your divine heritage dramatically boosts your attributes as you level up.


Message History

There is an open door here.
There is a stone staircase leading down here.
Done exploring.
(D) Dungeon
Where to? (Enter - D:3, ? - help)
You see here a +0 mace.
There is a stone staircase leading down here.
You climb downwards.
The gnoll shouts! x2; The gnoll bouda shouts!
The gnoll shouts!
There is a stone staircase leading up here.
There are monsters nearby!
The gnoll bouda barks out a call to the hunt!
The gnolls pick up the pace!
The gnoll throws a throwing net.
The throwing net hits you.
You become entangled in the net!
You stop ascending the stairs.
You struggle against the net.
A hound comes into view.
You struggle against the net.
The gnoll hits you from afar with a +0 halberd!
An endoplasm comes into view.
You struggle against the net.
The gnoll hits you with a +0 flail! The gnoll barely misses you.
The gnoll hits you with a +0 club.
The gnoll bouda gazes fiercely through you!
You feel your attacks grow feeble.
You rip the net and break free!
The gnoll hits you from afar with a +0 halberd!
* * * LOW HITPOINT WARNING * * *
The gnoll closely misses you. The gnoll hits you with a +0 club.
* * * LOW HITPOINT WARNING * * *
You feel much better. The gnoll hits you with a +0 flail.
The gnoll closely misses you. x2
The endoplasm jiggles.
The gnoll bouda hits you with a +0 club!
The gnoll closely misses you. The gnoll hits you with a +0 flail.
The gnoll hits you with a +0 club!
* * * LOW HITPOINT WARNING * * *
The gnoll hits you with a +0 whip.
* * * LOW HITPOINT WARNING * * *
The gnoll bouda hits you with a +0 club.
You die...

#####
....
...###
.....
...##
J...###
##g......
#@gg.#
#gg......
#.#.#####
......
### ###


You could see a gnoll bouda, 4 gnolls and an endoplasm.

Vanquished Creatures
  An adder (D:2)
  A worm (D:3)
  4 dart slugs
  11 endoplasms
  3 giant cockroaches
  4 goblins
  5 hobgoblins
  4 quokkas
  3 ball pythons
  2 bats
  7 frilled lizards
  9 kobolds
  4 rats
58 creatures vanquished.

Vanquished Creatures (others)
  156 foxfires
156 creatures vanquished.

Grand Total: 214 creatures vanquished

Notes
Turn   | Place    | Note
-------+----------+-------------------------------------------
     0 | D:1      | croobank the Demigod Fire Elementalist began the quest for
                  | the Orb.
     0 | D:1      | Reached XP level 1. HP: 14/14 MP: 5/5
   178 | D:1      | Reached skill level 1 in Conjurations
   359 | D:1      | Reached XP level 2. HP: 20/20 MP: 1/7
   925 | D:1      | Learned a level 2 spell: Scorch
  1547 | D:2      | Reached XP level 3. HP: 26/26 MP: 3/8
  1613 | D:2      | Reached skill level 3 in Fire Magic
  1635 | D:2      | Learned a level 3 spell: Inner Flame
  2575 | D:3      | Reached XP level 4. HP: 34/34 MP: 3/10
  3156 | D:4      | HP: 1/34 [gnoll/+0 whip[a gnoll bouda] (6)]
  3156 | D:4      | Slain by a gnoll bouda

Illustrated notes

Levels and vault maps discovered:
D:1:      grunt_arrival_crossed_arrows, layout_basic, chequers_big_river
D:2:      layout_rooms, minmay_indecisive_spiral
D:3:      layout_basic
D:4:      layout_basic

Skill      XL: |  1  2  3 |
---------------+----------+-----
Conjurations   | 1 |  1.5
Stealth        | 2 |  2.4
Dodging        | 2 |  2.2
Spellcasting   | 2 |  2.2
Fire Magic     | 3 |  3.1
Fighting       | |  0.5
Hexes          | |  0.7

Action                     |  1- 3 |  4- 6 || total
---------------------------+-------+-------++-------
  Melee: Staff             |     2 |       ||     2
         Short sword       |     4 |       ||     4
         Dagger            |     9 |       ||     9
   Cast: Foxfire           |    81 |     4 ||    85
         Scorch            |     7 |       ||     7
    Use: Scroll            |     8 |     3 ||    11
         Potion            |       |     1 ||     1
   Stab: Sleeping          |     2 |       ||     2
 Armour: Robe              |     5 |       ||     5
  Dodge: Dodged            |    11 |     5 ||    16
